 Dungeon Crawl Stone Soup version 0.29-a0-23-ga79f92ac9c (webtiles) character file.

Game seed: 8594750607569283212

1156 riojii the Chopper (level 8, -14/62 HPs)
             Began as a Formicid Fighter on Jan 30, 2022.
             Was a Follower of Makhleb.
             Demolished by an ogre (30 damage)
             ... on level 5 of the Dungeon.
             The game lasted 00:06:14 (5878 turns).

riojii the Chopper (Formicid Fighter)               Turns: 5878, Time: 00:06:14

Health: -14/62     AC: 11    Str: 21    XL:     8   Next: 66%
Magic:  8/8        EV:  8    Int:  8    God:    Makhleb [*.....]
Gold:   236        SH:  5    Dex: 12    Spells: 7/7 levels left

rFire   . . .      SeeInvis +   a - +0 war axe
rCold   + + .      Faith    .   c - +0 buckler
rNeg    . . .      Spirit   .   n - +0 chain mail
rPois   .          Reflect  .   (helmet unavailable)
rElec   .          Harm     .   (no cloak)
rCorr   .          Rampage  .   h - +0 pair of gloves
Will    .....                   (no boots)
Stlth   ..........              (no amulet)
HPRegen 0.20/turn               (no ring)
MPRegen 0.11/turn               (no ring)

@: no status effects
A: permanent stasis, dig shafts and tunnels, antennae 3, four strong arms, cold
resistance 2
a: Dig, Shaft Self, Renounce Religion


You were on level 5 of the Dungeon.
You worshipped Makhleb.
Makhleb was aware of your devotion.
You visited 1 branch of the dungeon, and saw 7 of its levels.

You collected 236 gold pieces.

Inventory:

Hand Weapons
 a - a +0 war axe (weapon)
Armour
 c - a +0 buckler (worn)
 h - a +0 pair of gloves (worn)
 n - a +0 chain mail (worn)
Wands
 b - a wand of polymorph (18)
 i - a wand of iceblast (4)
Scrolls
 o - a scroll of identify
Potions
 d - a potion of might
 e - 3 potions of cancellation
 f - a potion of invisibility
 g - 3 potions of resistance {unknown}
 j - a potion of curing {unknown}
 k - a potion of degeneration {unknown}
 l - a potion of flight {unknown}
 m - a potion of heal wounds {unknown}


   Skills:
 + Level 5.3 Fighting
 * Level 6.0 Axes
 + Level 5.3 Armour
 + Level 3.3 Dodging
 + Level 5.9 Shields


You had 7 spell levels left.
You didn't know any spells.
Your spell library contained the following spells:

 Spells                   Type           Power      Damage    Failure   Level
 Fireball                 Conj/Fire      0%         3d3       100%        5
 Starburst                Conj/Fire      0%         6d3       100%        6
 Ignition                 Fire           0%         3d3       100%        8


Dungeon Overview and Level Annotations

Branches:
Dungeon (7/15)
 Temple: D:4-7

Altars:
Kikubaaqudgha
Makhleb
Wu Jian
Xom
Yredelemnul

Shops:
D:1 !=   D:4 (   D:5 (


Innate Abilities, Weirdness & Mutations

You cannot be hasted, slowed, berserked, paralysed or teleported.
You can dig through walls and to a lower floor.
You have a pair of large antennae on your head. (SInv)
Your four strong arms can wield two-handed weapons with a shield.
Your flesh is very cold resistant. (rC++)


Message History

You hit the bullfrog zombie.
You destroy the bullfrog zombie!
Makhleb accepts your kill.
You block the bullfrog skeleton's attack.
The iguana barely misses the bullfrog skeleton.
The iguana bites itself!
The iguana dies!
The bullfrog skeleton barely misses you.
Your Axes skill increases to level 6!
You barely miss the bullfrog skeleton.
The bullfrog skeleton is severely damaged.
The bullfrog skeleton completely misses you.
You block the bullfrog skeleton's attack.
You slash the bullfrog skeleton!
The bullfrog skeleton is almost destroyed.
The ogre seems less confused.
You block the bullfrog skeleton's attack.
The ogre is engulfed in noxious fumes.
The ogre appears confused.
You hit the bullfrog skeleton.
You destroy the bullfrog skeleton!
Makhleb accepts your kill.
You start resting.
An ogre is nearby!
You slash the ogre!
The ogre is moderately wounded.
The ogre barely misses you.
You closely miss the ogre.
The ogre is moderately wounded.
The ogre hits you with a +0 giant spiked club!
You barely miss the ogre.
The ogre is moderately wounded.
The ogre hits you with a +0 giant spiked club!
* * * LOW HITPOINT WARNING * * *
You slash the ogre!
The ogre is heavily wounded.
The ogre barely misses you.
You hit the ogre but do no damage.
The ogre is heavily wounded.
The ogre hits you with a +0 giant spiked club!!
You die...

..........##
.∩.........##
............##
....#..).....##
...##......#..##
...........##..##
..........####..##
........### ##..##
####..### ##@.##
#...# ##O.##
##...# ##..###...
##..### #.)......
#..## #.†..##.)
..## )..### ..#
.≈≈.# .## O..≈.#
.# . .°..≈..


You could see an ogre.

Vanquished Creatures
  A water moccasin (D:5)
  A black bear (D:6)
  A sky beast (D:5)
  2 necrophages
  An ogre (D:6)
  A phantom (D:5)
  A water moccasin zombie (D:4)
  A water moccasin skeleton (D:6)
  A centaur zombie (D:6)
  A bullfrog zombie (D:5)
  2 jellies
  A bullfrog skeleton (D:5)
  A hound (D:5)
  2 iguanas
  An orc wizard (D:5)
  Robin (D:2)
  3 gnolls (D:2)
  2 howler monkey skeletons
  4 adders
  An ufetubus (D:5)
  A worm (D:2)
  A dart slug (D:4)
  7 orcs
  6 ball pythons
  3 bats
  3 endoplasms
  3 giant cockroaches
  14 goblins
  13 hobgoblins
  5 jackals (D:1)
  4 kobolds
  5 quokkas
  3 frilled lizards (D:1)
  4 rats
101 creatures vanquished.

Vanquished Creatures (others)
  An iguana (D:5)
  An ufetubus (D:5)
  An orc (D:5)
  A kobold (D:2)
  3 plants (D:2)
7 creatures vanquished.

Grand Total: 108 creatures vanquished

Notes
Turn   | Place    | Note
-------+----------+-------------------------------------------
     0 | D:1      | riojii the Formicid Fighter began the quest for the Orb.
     0 | D:1      | Reached XP level 1. HP: 18/18 MP: 1/1
    11 | D:1      | Found Taofetit's Distillery.
    97 | D:1      | Reached XP level 2. HP: 24/24 MP: 2/2
   272 | D:1      | Found a faded altar of an unknown god.
   371 | D:1      | Found Muozalop's Jewellery Shoppe.
   399 | D:1      | Reached XP level 3. HP: 16/29 MP: 3/3
  1152 | D:2      | Reached skill level 1 in Dodging
  1158 | D:2      | Noticed Robin
  1510 | D:1      | Reached XP level 4. HP: 21/36 MP: 4/4
  1694 | D:2      | Killed Robin
  1695 | D:2      | Reached skill level 3 in Axes
  1791 | D:2      | Reached XP level 5. HP: 17/42 MP: 5/5
  2574 | D:3      | Found a burning altar of Makhleb.
  2587 | D:3      | Became a worshipper of Makhleb the Destroyer
  2671 | D:3      | Found a basalt altar of Yredelemnul.
  3501 | D:3      | Gained mutation: Your flesh is cold resistant. (rC+)
                  | [potion of mutation]
  3501 | D:3      | Gained mutation: Your flesh is very cold resistant. (rC++)
                  | [potion of mutation]
  3554 | D:4      | Found an ornate altar of the Wu Jian Council.
  3738 | D:4      | Reached XP level 6. HP: 39/48 MP: 6/6
  3803 | D:4      | Found Sutouxt's Antique Weapon Boutique.
  4183 | D:4      | You fall into a shaft and drop 3 floors!
  4195 | D:6      | Noticed an ogre
  4207 | D:6      | Killed an ogre
  4208 | D:6      | Reached skill level 4 in Axes
  4212 | D:6      | HP: 1/48 [iguana (7)]
  4217 | D:6      | Reached XP level 7. HP: 2/54 MP: 7/7
  4554 | D:6      | Reached skill level 5 in Shields
  4623 | D:5      | Entered Level 5 of the Dungeon
  4951 | D:4      | Found an ancient bone altar of Kikubaaqudgha.
  5023 | D:4      | Reached skill level 5 in Axes
  5199 | D:4      | Reached XP level 8. HP: 61/61 MP: 8/8
  5301 | D:5      | Reached skill level 5 in Armour
  5554 | D:5      | Found Cekanill's Weapon Shoppe.
  5738 | D:5      | Reached * piety under Makhleb
  5739 | D:5      | Reached skill level 5 in Fighting
  5804 | D:5      | Found a shimmering altar of Xom.
  5822 | D:5      | Reached skill level 6 in Axes
  5878 | D:5      | Demolished by an ogre

Illustrated notes

Levels and vault maps discovered:
D:1:      dpeg_arrival_long_road, layout_loops_ring, serial_shops, shop,
          nicolae_diamond_shop, ebering_ecumenical_altar_webs
D:2:      layout_rooms, serial_forest, infiniplex_forest_end_2,
          infiniplex_forest_lined_room_2, infiniplex_forest_straight_2,
          infiniplex_forest_clump_curved, infiniplex_forest_clump_tiny,
          infiniplex_forest_straight_4, infiniplex_forest_fountain,
          lemuel_old_faithful, uniq_robin
D:3:      layout_basic, yredelemnul_altar_generic,
          mainiacjoe_overflow_small_starburst
D:4:      layout_loops_cross, overflow_temple_1_default,
          mainiacjoe_overflow_six_doors_small, serial_rivers,
          chequers_serial_rivers_micro_b, chequers_serial_rivers_micro_c,
          chequers_serial_rivers_large_b, chequers_serial_rivers_micro_d,
          chequers_serial_rivers_micro_b, serial_shops,
          nicolae_shop_advertising_works [nicolae_subvault_shop_adworks]
D:5:      layout_layer_cave, xom_confusion_cloud, kennysheep_mini, serial_shops,
          nicolae_shop_bloodbath_and_beyond
D:6:      minmay_skewed_foursquare, layout_cave_pools, lemuel_tele_altar,
          nemelex_dance_club_becter, nicolae_dithmenos_shadow_blocks
D:7:      layout_rooms, uniq_prince_ribbit1

Skill      XL: |  1  2  3  4  5  6  7  8 |
---------------+-------------------------+-----
Shields        | 4 5 |  5.9
Dodging        | 1 2 3 |  3.3
Axes           | 3 4 5 6 |  6.0
Fighting       | 4 5 |  5.3
Armour         | 4 5 |  5.3

Action                   |  1- 3 |  4- 6 |  7- 9 || total
-------------------------+-------+-------+-------++-------
Melee: War axe           |    87 |   114 |   106 ||   307
  Use: Scroll            |     1 |     8 |       ||     9
       Potion            |       |     1 |       ||     1
Armor: Scale mail        |    55 |    20 |       ||    75
       Chain mail        |       |    30 |    63 ||    93
Dodge: Dodged            |    45 |    53 |    56 ||   154
Block: Buckler           |    30 |    27 |    28 ||    85

Table legend: (Time is in decaauts)
 A = Elapsed time spent in this place.
 B = Non-inter-level travel time spent in this place.
 C = Inter-level travel time spent in this place.
 D = Time resting spent in this place.
 E = Time spent auto-exploring this place.
 F = Levels seen in this place.
 G = Mean time per level.
                   A        B        C        D        E       F      G
               +--------+--------+--------+--------+--------+-----+--------+
         Total |   6016 |   5860 |    156 |    816 |   4196 |   7 |  859.4 |
       Dungeon |   6016 |   5860 |    156 |    816 |   4196 |   7 |  859.4 |
               +--------+--------+--------+--------+--------+-----+--------+

Top non-repeatable levels by time:
     D:1: 1682 daAuts
     D:4: 1093 daAuts
     D:3: 1021 daAuts
     D:2: 897 daAuts
     D:5: 871 daAuts
     D:6: 437 daAuts
     D:7: 12 daAuts
